 Dungeon Sprint DCSS version 0.19.5 (webtiles) character file.

106 Mesmaeker13 the Skirmisher (level 4, -5/45 HPs)
             Began as a Hill Orc Fighter on May 5, 2017.
             Killed from afar by a wizard (18 damage)
             ... with a bolt of lightning
             ... in the Dungeon (Sprint III: "The Ten Rune Challenge").
             The game lasted 00:02:15 (926 turns).

Mesmaeker13 the Skirmisher (Hill Orc Fighter)        Turns: 926, Time: 00:02:15

Health: -5/45      AC:  7    Str: 24    XL:     4   Next: 84%
Magic:  4/4        EV:  8    Int:  8    God:
Gold:   32         SH: 10    Dex: 10    Spells: 0 memorised, 3 levels left

rFire  . . .     SeeInvis .     a - +0 flail
rCold  . . .     Gourm    .     b - +0 scale mail
rNeg   . . .     Faith    .     c - +0 shield
rPois  .         Spirit   .     (no helmet)
rElec  .         Reflect  .     (no cloak)
rCorr  .         Harm     .     (no gloves)
MR     .....     NoTele   +     (no boots)
Stlth  ..........               (no amulet)
                                (no ring)
                                (no ring)

@: mighty
A: no striking features
a: no special abilities


You were in the Dungeon.
You were not hungry.

You visited 1 branch You collected 32 gold pieces.

Inventory:

Hand Weapons
 a - a +0 flail (weapon)
Armour
 b - a +0 scale mail (worn)
 c - a +0 shield (worn)
Scrolls
 k - a scroll of blinking
 m - 4 scrolls of immolation {unknown}
 n - a scroll of identify {unknown}
 o - a scroll of amnesia {unknown}
 r - a scroll of recharging {unknown}
 s - a scroll of remove curse {unknown}
Potions
 e - 2 potions of curing
 h - a potion of haste
 i - 2 potions of magic
 l - 2 potions of mutation {unknown}
 p - 2 potions of cure mutation
 q - a potion of flight {unknown}
 u - a potion of agility {unknown}
Comestibles
 f - 2 bread rations
 t - a royal jelly


   Skills:
 + Level 6.6 Fighting
 + Level 5.3 Maces & Flails
 + Level 5.9 Armour
 + Level 5.9 Shields


You had 3 spell levels left.
You didn't know any spells.

Dungeon Overview and Level Annotations

Branches:
Dungeon (1/1)

Altars:
Kikubaaqudgha
Sif Muna
Vehumet


Message History

You miss something. Something hits you but does no damage.
You miss something.
You hear some strange, mumbled words.
A bolt of lightning appears from out of thin air!
The bolt of lightning hits you! Something hits you.
You closely miss something. You block something's attack.
You hear some strange, mumbled words.
A bolt of lightning appears from out of thin air!
The bolt of lightning misses you.
You closely miss something.
You hear some strange, mumbled words.
A stone arrow appears from out of thin air!
You block the stone arrow.
You completely miss something. Something hits you.
* * * LOW HITPOINT WARNING * * *
You closely miss something. Something hits you but does no damage.
You hear some strange, mumbled words.
A bolt of lightning appears from out of thin air!
The bolt of lightning hits you!
You die...

#)..#### ##.#
#......#####..#
#.....).#..#..#
##.##...#..#..###+#+###+
##.###..##'#..#.........
###.##..###...'.⌠.......
#..##..####...#...#####
÷..##..###....#.⌠.#
÷.##...##.....#.@.#
.##....#......#{###
###..##.#.....#K4 #
#..#####....#___ ▓ ▓▓▓▓
▓▓▓▓▓▓▓▓▓▓


You could see a kobold demonologist.

Vanquished Creatures
  A water elemental (D)
  Jessica (D)
  A human (D)
  A phantom (D)
  3 rats (D)
7 creatures vanquished.

Vanquished Creatures (others)
  2 draconian scorchers (D)
  A yaktaur (D)
  6 hellions (D)
  A plant (D)
10 creatures vanquished.

Grand Total: 17 creatures vanquished

Notes
Turn   | Place    | Note
-------+----------+-------------------------------------------
     0 | D        | Mesmaeker13 the Hill Orc Fighter began the quest for the Orb.
     0 | D        | Reached XP level 1. HP: 19/19 MP: 1/1
    17 | D        | Reached skill level 4 in Fighting
    43 | D        | Noticed Jessica
    56 | D        | Killed Jessica
    56 | D        | Reached skill level 5 in Fighting
    56 | D        | Reached XP level 2. HP: 3/29 MP: 2/2
    56 | D        | Reached XP level 3. HP: 4/36 MP: 3/3
    85 | D        | Killed a hellion
    87 | D        | Killed a hellion
    96 | D        | Killed a hellion
    99 | D        | Killed a hellion
    99 | D        | Killed a hellion
   107 | D        | Killed a hellion
   136 | D        | Killed a yaktaur
   191 | D        | Killed a white draconian scorcher
   367 | D        | Reached skill level 5 in Armour
   367 | D        | Reached skill level 5 in Shields
   427 | D        | Killed a white draconian scorcher
   558 | D        | Noticed a water elemental
   563 | D        | HP: 2/54 [drowned by a water elemental (5)]
   564 | D        | Killed a water elemental
   564 | D        | Reached skill level 6 in Fighting
   564 | D        | Reached skill level 5 in Maces & Flails
   564 | D        | Reached XP level 4. HP: 3/45 MP: 4/4
   906 | D        | Found a radiant altar of Vehumet.
   906 | D        | Found a deep blue altar of Sif Muna.
   906 | D        | Found an ancient bone altar of Kikubaaqudgha.
   906 | D        | Noticed a wizard
   912 | D        | Noticed a rust devil
   926 | D        | Killed from afar by a wizard

Skill      XL: |  1  2  3 |
---------------+----------+-----
Fighting       | 5 6 |  6.6
Maces & Flails | 3 5 |  5.3
Armour         | 4 5 |  5.9
Shields        | 4 5 |  5.9

Action                   |  1- 3 |  4- 6 || total
-------------------------+-------+-------++-------
Melee: Flail             |    46 |    18 ||    64
  Use: Potion            |     2 |     1 ||     3
Armor: Scale mail        |     8 |     3 ||    11
Dodge: Dodged            |    15 |     5 ||    20
Block: Shield            |    15 |     7 ||    22
